 Dungeon Crawl Stone Soup version 0.29.0-13-gc9e81de378 (webtiles) character file.

Game seed: 12756420708867636601

835 Leibowitz the Cutter (level 8, -1/48 HPs)
             Began as a Kobold Gladiator on Sept 8, 2022.
             Slain by a sky beast (5 damage)
             ... on level 5 of the Dungeon.
             The game lasted 00:07:35 (4414 turns).

Leibowitz the Cutter (Kobold Gladiator)             Turns: 4414, Time: 00:07:36

Health: -1/48      AC:  6    Str: 11    XL:     8   Next: 18%
Magic:  8/8        EV: 21    Int:  9    God:
Gold:   317        SH:  0    Dex: 19    Spells: 7/7 levels left

rFire   . . .      SeeInvis .   a - +0 rapier
rCold   . . .      Faith    .   (no shield)
rNeg    . . .      Spirit   .   b - +0 leather armour
rPois   .          Reflect  .   c - +0 helmet
rElec   .          Harm     .   (no cloak)
rCorr   .          Rampage  .   v - +0 pair of gloves
Will    .....                   o - +0 pair of boots
Stlth   ++++......              (no amulet)
HPRegen 0.16/turn               n - +4 ring of evasion
MPRegen 0.11/turn               (no ring)

@: no status effects
A: small, no large weapons, nightstalker 3
a: no special abilities


You were on level 5 of the Dungeon.
You visited 1 branch of the dungeon, and saw 5 of its levels.

You collected 317 gold pieces.

Inventory:

Hand Weapons
 a - a +0 rapier (weapon)
 k - a +1 dagger of holy wrath
Missiles
 d - a throwing net
 e - 2 boomerangs
 h - 12 poisoned darts (quivered)
Armour
 b - a +0 leather armour (worn)
 c - a +0 helmet (worn)
 o - a +0 pair of boots (worn)
 v - a +0 pair of gloves (worn)
Jewellery
 n - a +4 ring of evasion (left hand)
Wands
 l - a wand of polymorph (5)
 w - a wand of paralysis (14)
 y - a wand of flame (16)
Scrolls
 g - 5 scrolls of identify {unknown}
 i - a scroll of magic mapping {unknown}
 j - 2 scrolls of enchant armour {unknown}
 m - a scroll of fog {unknown}
 p - a scroll of noise {unknown}
 x - 6 scrolls of poison {unknown}
Potions
 f - a potion of mutation {unknown}
 q - a potion of flight
 r - 2 potions of heal wounds {unknown}
 s - a potion of might {unknown}
 t - a potion of berserk rage {unknown}
 u - 2 potions of resistance {unknown}
 z - a potion of curing
 A - a potion of brilliance {unknown}
 B - a potion of degeneration {unknown}
 C - a potion of ambrosia {unknown}


   Skills:
 * Level 3.8 Fighting
 * Level 7.9 Short Blades
 - Level 2.1 Throwing
 * Level 2.2 Armour
 * Level 5.4 Dodging
 * Level 5.9 Stealth


You had 7 spell levels left.
You didn't know any spells.
Your spell library contained the following spells:

 Spells                   Type           Power      Damage    Failure   Level
 Gell's Gravitas          Tloc           0%         N/A       85%         3
 Lesser Beckoning         Tloc           0%         N/A       85%         3
 Stone Arrow              Conj/Erth      0%         3d7       85%         3
 Teleport Other           Tloc           0%         N/A       85%         3
 Animate Armour           Summ/Erth      0%         N/A       99%         4
 Lehudib's Crystal Spear  Conj/Erth      0%         10d2      100%        8


Dungeon Overview and Level Annotations

Branches:
Dungeon (5/15)
 Temple: D:4-7

Altars:
Cheibriados
Xom
The Shining One


Innate Abilities, Weirdness & Mutations

You are small and have problems with some larger weapons.
You are completely attuned to the shadows.


Message History

There is an open door here.
You open the door.
There is an open door here.
You open the door.
There is an open door here.
You now have 317 gold pieces (gained 6).
y - a wand of flame (16)
A sky beast comes into view.
The sky beast completely misses you.
You closely miss the sky beast.
The sky beast flickers out of sight!
Deactivating autopickup; reactivate with Ctrl-A.
Something barely misses you.
You miss something. Something hits you but does no damage.
You hit something but do no damage. Something closely misses you.
You miss something. You hit something but do no damage. Something hits you.
Something shocks you.
You barely miss something. Something hits you. Something shocks you.
You barely miss something. Something hits you but does no damage.
You miss something. Something hits you but does no damage.
You barely miss something. You hit something.
Something hits you but does no damage.
You barely miss something. Something hits you but does no damage.
You barely miss something. Something hits you. Something shocks you.
You hit something but do no damage. Something closely misses you.
You miss something. You closely miss something. Something misses you.
You miss something. Something hits you. Something shocks you.
You puncture something! Something closely misses you.
You miss something. Something hits you. Something shocks you.
You barely miss something. You hit something. Something hits you.
* * * LOW HITPOINT WARNING * * *
Something shocks you.
* * * LOW HITPOINT WARNING * * *
You hit something but do no damage.
A sky beast appears from thin air!
Reactivating autopickup.
The sky beast hits you.
* * * LOW HITPOINT WARNING * * *
The sky beast shocks you.
You die...

.....#
.....#
#.....#
#.....#
#.....#
#.....#
#.....#
#.....#
#...@.#
#..Y..#
#.....#
#.....#
#.....#


You could see a sky beast.

Vanquished Creatures
  Sigmund (D:3)
  2 ogres (D:4)
  A bullfrog (D:5)
  A scorpion (D:4)
  2 hounds (D:4)
  A jelly (D:4)
  3 iguanas
  Ijyb (D:3)
  An orc wizard (D:4)
  Robin (D:3)
  4 adders
  A white imp (D:5)
  A worm (D:3)
  3 dart slugs
  7 orcs
  6 bats
  5 endoplasms
  A giant cockroach (D:1)
  17 goblins
  11 hobgoblins
  6 jackals
  3 kobolds
  2 quokkas
  6 ball pythons
  4 frilled lizards
  6 rats
  A toadstool (D:2)
98 creatures vanquished.

Vanquished Creatures (others)
  A fungus (D:2)
  4 toadstools (D:2)
5 creatures vanquished.

Grand Total: 103 creatures vanquished

Notes
Turn   | Place    | Note
-------+----------+-------------------------------------------
     0 | D:1      | Leibowitz the Kobold Gladiator began the quest for the Orb.
     0 | D:1      | Reached XP level 1. HP: 12/12 MP: 1/1
    77 | D:1      | Reached XP level 2. HP: 5/17 MP: 2/2
   754 | D:1      | Reached skill level 1 in Stealth
   769 | D:1      | Reached XP level 3. HP: 20/22 MP: 3/3
  1465 | D:2      | Found a faded altar of an unknown god.
  1633 | D:3      | Found a glowing golden altar of the Shining One.
  1635 | D:3      | Noticed Ijyb
  1674 | D:3      | Reached XP level 4. HP: 17/27 MP: 4/4
  1678 | D:3      | Reached skill level 5 in Short Blades
  1692 | D:3      | Reached skill level 1 in Armour
  1715 | D:3      | Killed Ijyb
  1791 | D:3      | Noticed Sigmund
  1935 | D:3      | Reached XP level 5. HP: 30/31 MP: 5/5
  1999 | D:3      | Killed Sigmund
  2000 | D:3      | Reached skill level 6 in Short Blades
  2000 | D:3      | Reached XP level 6. HP: 16/37 MP: 6/6
  2184 | D:3      | Found a shimmering altar of Xom.
  2433 | D:3      | Noticed Robin
  2482 | D:3      | Killed Robin
  2969 | D:4      | Reached XP level 7. HP: 41/41 MP: 7/7
  3032 | D:4      | Reached skill level 5 in Dodging
  3362 | D:4      | Found a snail-covered altar of Cheibriados.
  3637 | D:4      | Reached skill level 7 in Short Blades
  3959 | D:4      | Reached skill level 5 in Stealth
  3978 | D:4      | Reached XP level 8. HP: 40/48 MP: 8/8
  4114 | D:5      | Entered Level 5 of the Dungeon
  4414 | D:5      | Slain by a sky beast

Illustrated notes

Levels and vault maps discovered:
D:1:      kennysheep_arrival_seaside, layout_rooms, serial_forest,
          infiniplex_forest_3_way, infiniplex_forest_straight_4,
          infiniplex_forest_lined_corner, infiniplex_forest_3_way,
          serial_park_tiny_1
D:2:      layout_rooms, dreamdust_ecumenical_altar_hidden_monk_grotto,
          minmay_gold_behind_fungi
D:3:      layout_loops_ring, grunt_temple_overflow_open, st_stairs_13,
          chequers_avenue, kennysheep_generic_room_10, uniq_ijyb, uniq_robin,
          uniq_sigmund
D:4:      layout_loops_corners, lemuel_crystal_altar, grunt_ministairs_13
D:5:      layout_gridville, mainiacjoe_overflow_cross_hatched,
          evilmike_ruin_ashenzari, overflow_temple_1_default, dk_noncrumbling_4,
          grunt_ministairs_1, minmay_misc_feat_chi, serial_bayou_crossing

Skill      XL: |  1  2  3  4  5  6  7 |
---------------+----------------------+-----
Dodging        | 4 5 |  5.4
Stealth        | 1 2 3 5 |  5.9
Short Blades   | 5 6 7 |  7.9
Armour         | 1 2 |  2.2
Fighting       | 3 |  3.8
Throwing       | |  2.1

Action                   |  1- 3 |  4- 6 |  7- 9 || total
-------------------------+-------+-------+-------++-------
Melee: Rapier            |   105 |    97 |    98 ||   300
       Unarmed           |    20 |    20 |       ||    40
       Punch             |     1 |     1 |     1 ||     3
Throw: Dart              |     1 |     4 |       ||     5
       Throwing net      |     1 |     2 |       ||     3
  Use: Potion            |       |     3 |       ||     3
 Stab: Sleeping          |     6 |     6 |    13 ||    25
       Held in net/web   |       |     1 |       ||     1
       Distracted        |       |       |     1 ||     1
Armor: Leather armour    |    18 |     8 |    12 ||    38
Dodge: Dodged            |   125 |    84 |    45 ||   254
